 Dungeon Crawl Stone Soup version 0.31-a0-1496-g79c7dd0eeb (webtiles) character file.

Game seed: 8363942749460114231

2709 monkeytab the Mimic (level 9, -2/63 HPs)
             Began as an Octopode Shapeshifter on Dec 29, 2023.
             Was an Initiate of Gozag.
             Slain by a steam dragon (5 damage)
             ... on level 8 of the Dungeon.
             The game lasted 00:17:17 (7803 turns).

monkeytab the Mimic (Octopode Shapeshifter)         Turns: 7803, Time: 00:17:17

Health: -2/63      AC:  1    Str: 17    XL:     9   Next: 66%
Magic:  9/9        EV: 13    Int: 13    God:    Gozag
Gold:   487        SH:  5    Dex: 11    Spells: 8/8 levels left

rFire   . . .        o - +3 dagger (venom)
rCold   . . .        (no shield)
rNeg    . . .        f - melded +2 hat
rPois   +            p - amulet of reflection
rElec   .            m - ring of poison resistance
rCorr   .            x - ring of flight
SInv    .            (no ring)
Will    +....        (no ring)
Stlth   ++           (no ring)
HPRegen 0.30/turn    (no ring)
MPRegen 0.11/turn    (no ring)
                     (no ring)

%: reflection
@: beast-form, gold aura, enlightened, flying, hasted, very quick
A: beast (slay +4), almost no armour, amphibious, 8 rings, camouflage 1,
gelatinous body 1, (nimble swimmer 1), tentacles
a: Begin Untransformation, Renounce Religion, Potion Petition, Call Merchant,
Bribe Branch


You were on level 8 of the Dungeon.
You worshipped Gozag.
Gozag was aware of your devotion.
You were a hulking beast.
You visited 2 branches of the dungeon, and saw 9 of its levels.

You collected 1681 gold pieces.
You paid 1194 gold pieces to Gozag.

Inventory:

Hand Weapons
 h - a +3 hand axe
 o - a +3 dagger of venom (weapon)
 t - a +0 giant club
Missiles
 g - 10 boomerangs (quivered)
 k - 6 curare-tipped darts
 l - 4 throwing nets
Armour
 f - a +2 hat (melded)
Jewellery
 m - a ring of poison resistance (left tentacle)
 p - an amulet of reflection (around mantle)
 x - a ring of flight (right tentacle)
 y - a ring of fire
Talismans
 b - a beast talisman (active)
 c - a flux talisman
 e - a granite talisman
 n - a blade talisman
Wands
 d - a wand of polymorph (13)
 i - a wand of charming (4)
Scrolls
 r - a scroll of revelation
 s - a scroll of torment
 v - a scroll of teleportation
Potions
 a - 2 potions of lignification
 j - a potion of enlightenment
 q - a potion of curing
 u - 2 potions of brilliance
 w - a potion of mutation {unknown}
 z - a potion of resistance {unknown}


   Skills:
 - Level 6.5 Fighting
 - Level 2.0 Short Blades
 - Level 2.2 Dodging
 - Level 3.8 Unarmed Combat
 * Level 10.2 Shapeshifting


You had 8 spell levels left.
You didn't know any spells.
Your spell library contained the following spells:

 Spells                   Type           Power      Damage    Failure   Level
 Apportation              Tloc           0%         N/A       30%         1
 Freeze                   Ice            0%         1d3       30%         1
 Necrotise                Necr           0%         1d4       30%         1
 Sandblast                Erth           0%         2d4       30%         1
 Sting                    Conj/Alch      0%         1d3       30%         1
 Summon Small Mammal      Summ           0%         N/A       30%         1
 Ensorcelled Hibernation  Hex/Ice        0%         N/A       43%         2
 Lesser Beckoning         Tloc           0%         N/A       43%         2
 Dazzling Flash           Conj/Hex       0%         N/A       67%         3
 Frozen Ramparts          Ice            0%         1d1       67%         3
 Fugue of the Fallen      Necr           0%         N/A       67%         3
 Gell's Gravitas          Tloc           0%         N/A       67%         3
 Hailstorm                Conj/Ice       0%         3d5       67%         3
 Mephitic Cloud           Conj/Alch/Air  0%         N/A       67%         3
 Passwall                 Erth           0%         N/A       67%         3
 Stone Arrow              Conj/Erth      0%         3d7       67%         3
 Teleport Other           Tloc           0%         N/A       67%         3
 Tukima's Dance           Hex            0%         N/A       67%         3
 Anguish                  Hex/Necr       0%         N/A       97%         4
 Brom's Barrelling Bould  Conj/Erth      0%         2d3       97%         4
 Leda's Liquefaction      Alch/Erth      0%         N/A       97%         4
 Passage of Golubria      Tloc           0%         N/A       97%         4
 Petrify                  Alch/Erth      0%         N/A       97%         4
 Curse of Agony           Necr           0%         N/A       100%        5
 Metabolic Englaciation   Hex/Ice        0%         N/A       100%        5
 Silence                  Hex/Air        0%         N/A       100%        5
 Yara's Violent Unravell  Hex/Alch       0%         3d3       100%        5


Dungeon Overview and Level Annotations

Branches:
Dungeon (8/15)             Temple (1/1) D:4
   Lair: D:8-11

Altars:
Ashenzari
Cheibriados
Dithmenos
Fedhas
Gozag
Hepliaklqana
Makhleb
Nemelex Xobeh
Okawaru
Qazlal
Ru
Sif Muna
Trog
Uskayaw
Wu Jian
Xom
Yredelemnul
Zin
The Shining One

Annotations:
D:6 1 runed translucent door


Innate Abilities, Weirdness & Mutations

You are a hulking beast.
Your limbs bulge with bestial killing power. (Slay +4)
You cannot wear most types of armour.
You are amphibious.
You can wear up to eight rings at the same time.
Your skin changes colour to match your surroundings (Stealth+).
Your rubbery body absorbs attacks. (AC +1, EV +1)
((You are camouflaged when in or above water. (Stealth+)))
You have tentacles for arms and can constrict up to eight enemies at once.


Message History

[c] - 360 gold - haste and enlightenment Purchase which effect?
You no longer have enough gold to fund merchants seeking to open stores in the dungeon.
You feel yourself speed up.
You feel more buoyant. You block the steam dragon's attack.
The steam dragon closely misses you.
You hit the steam dragon.
The steam dragon looks as sick as possible!
Your squeeze misses the steam dragon.
The steam dragon is moderately wounded.
Unknown command.
You barely miss the steam dragon. Your squeeze misses the steam dragon.
The steam dragon is moderately wounded.
The steam dragon bites you. The steam dragon closely misses you.
Unknown command.
You closely miss the steam dragon.
You squeeze the steam dragon, but do no damage.
The steam dragon is moderately wounded.
The white imp gestures at you. The puff of frost hits you!
* * * LOW HITPOINT WARNING * * *
The steam dragon breathes steam at you. The ball of steam hits you!
* * * LOW HITPOINT WARNING * * *
Unknown command.
Unknown command.
Unknown command.
You hit the steam dragon but do no damage.
The steam dragon looks as sick as possible!
You tentacle-slap the steam dragon.
The steam dragon is moderately wounded.
The steam dragon barely misses you. x2
Unknown command.
Unknown command.
You hit the steam dragon.
The steam dragon looks as sick as possible!
The steam dragon is heavily wounded.
The steam dragon bites you.
You die...
Your body crumbles into a pile of gold.

#..............#
#..............#
#..............#
#..............# #
#...........##.# #
#...........##.####### #
####.##.....#........#
#######.####............#
......).# #..#Dh.......#
.######.#######.§.......#
...##..))....§§.§.......#
##..#........##§§.......#
###.'.....<..##§#..######
###...........#..#
###.##.##.#....#
#....##.5>...#
...........###


You could see a steam dragon (extremely poisoned, catching breath).

Vanquished Creatures
  Grinder (D:5)
  A steam dragon (D:7)
  5 yaks (D:6)
  2 black bears (D:6)
  An ice beast (D:5)
  An ogre (D:6)
  A phantom (D:5)
  3 scorpions
  4 bullfrogs
  3 killer bees (D:7)
  2 orc priests
  2 hounds (D:5)
  3 jellies
  7 iguanas
  Ijyb (D:5)
  2 orc wizards
  5 adders
  4 gnolls
  A white imp (D:4)
  A worm (D:2)
  2 dart slugs (D:1)
  27 orcs
  7 bats
  8 endoplasms
  2 giant cockroaches
  17 goblins
  6 hobgoblins
  2 quokkas
  7 ball pythons
  6 frilled lizards
  A goblin skeleton (D:6)
  10 kobolds
  4 rats
149 creatures vanquished.

Notes
Turn   | Place    | Note
-------+----------+-------------------------------------------
     0 | D:1      | monkeytab the Octopode Shapeshifter began the quest for the
                  | Orb.
     0 | D:1      | Reached XP level 1. HP: 13/13 MP: 1/1
    65 | D:1      | Reached XP level 2. HP: 6/18 MP: 2/2
   478 | D:1      | Reached XP level 3. HP: 18/23 MP: 3/3
   760 | D:1      | Identified a scroll of acquirement
   761 | D:1      | Acquired 641 gold pieces
  1298 | D:2      | Reached XP level 4. HP: 28/28 MP: 4/4
  1450 | D:3      | Reached skill level 4 in Shapeshifting
  1836 | D:3      | Reached XP level 5. HP: 33/33 MP: 5/5
  1941 | D:3      | Found a snail-covered altar of Cheibriados.
  2447 | D:3      | Found a sparkling altar of Nemelex Xobeh.
  2726 | D:4      | Reached skill level 1 in Short Blades
  2726 | D:4      | Reached XP level 6. HP: 31/39 MP: 6/6
  2783 | D:3      | Reached skill level 5 in Shapeshifting
  3243 | D:4      | Found a staircase to the Ecumenical Temple.
  3267 | Temple   | Entered the Ecumenical Temple
  3279 | Temple   | Became a worshipper of Gozag Ym Sagoz the Greedy
  3583 | D:5      | Entered Level 5 of the Dungeon
  4157 | D:5      | Reached XP level 7. HP: 37/46 MP: 7/7
  4285 | D:5      | Noticed Grinder
  4452 | D:5      | Reached skill level 6 in Shapeshifting
  4601 | D:5      | Noticed Ijyb
  4611 | D:5      | Killed Ijyb
  4985 | D:5      | Killed Grinder
  4986 | D:5      | Reached skill level 7 in Shapeshifting
  4986 | D:5      | Reached XP level 8. HP: 45/54 MP: 8/8
  5039 | D:5      | You fall into a shaft and drop 1 floor!
  5160 | D:6      | Found a runed translucent door.
  5166 | D:6      | Found a basalt altar of Yredelemnul.
  5252 | D:6      | Reached skill level 5 in Fighting
  5338 | D:6      | Found a shadowy altar of Dithmenos.
  5449 | D:6      | Noticed a yak
  5594 | D:6      | Found a hide-covered altar of Uskayaw.
  5596 | D:6      | Found a stormy altar of Qazlal.
  5615 | D:6      | Found an iron altar of Okawaru.
  5651 | D:6      | Found a bloodstained altar of Trog.
  5678 | D:6      | Killed a yak
  5679 | D:6      | Reached skill level 8 in Shapeshifting
  5833 | D:6      | Noticed a yak
  5834 | D:6      | Noticed a yak
  5835 | D:6      | Noticed a yak
  5856 | D:6      | Noticed a yak
  5864 | D:6      | Killed a yak
  5867 | D:6      | Killed a yak
  5868 | D:6      | Reached XP level 9. HP: 60/62 MP: 9/9
  5877 | D:6      | Reached skill level 9 in Shapeshifting
  6008 | D:6      | Found a glowing silver altar of Zin.
  6063 | D:6      | Found an ornate altar of the Wu Jian Council.
  7359 | D:7      | Reached skill level 10 in Shapeshifting
  7800 | D:8      | HP: 3/63 [steam dragon/ball of steam (10)]
  7803 | D:8      | Slain by a steam dragon

Illustrated notes

Levels and vault maps discovered:
D:1:      orjb1_lava_funnel, layout_rooms
D:2:      minmay_chambers_of_twos, layout_rooms
D:3:      layout_loops_ring, overflow_temple_1_default,
          nemelex_dance_club_becter
D:4:      layout_basic, minmay_temple_entry_mini_moons
D:5:      layout_rooms, minivault_5, uniq_ijyb, uniq_grinder
D:6:      layout_loops_ring, amcnicky_altar_gilded,
          grunt_dithmenos_smoke_and_mirrors,
          nicolae_overflow_macrodata_refinement, dk_yredelemnul_ordeal,
          kennysheep_mini_moat
D:7:      layout_basic
D:8:      layout_basic, mainiacjoe_overflow_small_starburst,
          nicolae_ossuary_entry_monument
Temple:   dpeg_three_leaves_temple

Skill      XL: |  1  2  3  4  5  6  7  8  9 |
---------------+----------------------------+-----
Shapeshifting  | 4 5 7 8 10 | 10.2
Fighting       | 2 3 4 5 6 |  6.5
Short Blades   | 1 2 |  2.0
Dodging        | |  2.2
Unarmed Combat | |  3.8

Action                     |  1- 3 |  4- 6 |  7- 9 || total
---------------------------+-------+-------+-------++-------
  Melee: Unarmed           |   106 |    54 |       ||   160
         Tentacles         |    13 |    24 |    32 ||    69
         Constrict         |    19 |    26 |    31 ||    76
         Punch             |     2 |       |     6 ||     8
         Dagger            |       |    56 |   137 ||   193
  Throw: Boomerang         |       |     6 |     7 ||    13
 Invoke: Potion Petition   |       |       |     3 ||     3
Ability: Begin Untransform |     1 |       |       ||     1
  Evoke: Wand              |       |       |     5 ||     5
    Use: Potion            |     1 |     3 |       ||     4
         Scroll            |     5 |     9 |     5 ||    19
   Stab: Sleeping          |     5 |     5 |     4 ||    14
         Invisible         |       |       |     1 ||     1
 Armour: Skin              |    53 |    63 |    71 ||   187
  Dodge: Dodged            |    56 |    66 |    69 ||   191
  Block: Other             |       |     3 |    27 ||    30
   Form: Beast             |     1 |       |       ||     1

Table legend: (Time is in decaauts)
 A = Elapsed time spent in this place.
 B = Non-inter-level travel time spent in this place.
 C = Inter-level travel time spent in this place.
 D = Time resting spent in this place.
 E = Time spent auto-exploring this place.
 F = Levels seen in this place.
 G = Mean time per level.
                   A        B        C        D        E       F      G
               +--------+--------+--------+--------+--------+-----+--------+
         Total |   7807 |   7484 |    323 |   2715 |   3093 |   9 |  867.4 |
       Dungeon |   7782 |   7481 |    301 |   2715 |   3093 |   8 |  972.8 |
        Temple |     24 |      2 |     22 |      0 |      0 |   1 |   24.0 |
               +--------+--------+--------+--------+--------+-----+--------+

Top non-repeatable levels by time:
     D:4: 1443 daAuts
     D:6: 1330 daAuts
     D:5: 1250 daAuts
     D:7: 1016 daAuts
     D:3: 954 daAuts
     D:2: 898 daAuts
     D:1: 772 daAuts
     D:8: 116 daAuts
  Temple: 24 daAuts
